 Dungeon Crawl Stone Soup version 0.22-a0-412-g2b68d14 (webtiles) character file.

88 Borgoz the Skirmisher (level 4, -7/29 HPs)
             Began as a Gargoyle Abyssal Knight on May 12, 2018.
             Was a Believer of Lugonu.
             Splashed by a jelly's acid (8 damage)
             ... on level 3 of the Dungeon.
             The game lasted 00:05:24 (1974 turns).

Borgoz the Skirmisher (Gargoyle Abyssal Knight)     Turns: 1974, Time: 00:05:25

Health: -7/29      AC: -1    Str: 16    XL:     4   Next: 53%
Magic:  6/6        EV:  9    Int: 12    God:    Lugonu [**....]
Gold:   219        SH:  0    Dex: 10    Spells: 3/3 levels left

rFire    . . .     SeeInvis .   a - +1 hand axe
rCold    . . .     Gourm    .   (no shield)
rNeg     + . .     Faith    .   m - +0 scale mail
rPois    ∞         Spirit   .   (no helmet)
rElec    +         Reflect  .   (no cloak)
rCorr    .         Harm     .   (no gloves)
MR       .....                  (no boots)
Stlth    ..........             (no amulet)
HPRegen  0.09/turn              (no ring)
MPRegen  0.10/turn              (no ring)

@: corroded
A: negative energy resistance 1, electricity resistance, unbreathing,
petrification resistance, rot immunity, AC +3
a: Depart the Abyss, Bend Space, Renounce Religion


You were on level 3 of the Dungeon.
You worshipped Lugonu.
Lugonu was pleased with you.
You were not hungry.

You visited 1 branch of the dungeon, and saw 3 of its levels.
You visited the Abyss 1 time.

You collected 219 gold pieces.

Inventory:

Hand Weapons
 a - a +1 hand axe (weapon)
 b - a +2 whip of electrocution
Armour
 m - a +0 scale mail (worn)
Scrolls
 d - 3 scrolls of identify {unknown}
 j - a scroll of blinking {unknown}
 l - 2 scrolls of remove curse {unknown}
 n - 3 scrolls of teleportation {unknown}
 q - a scroll of fog {unknown}
Potions
 e - a potion of lignification {unknown}
 f - 3 potions of magic {unknown}
 h - 3 potions of brilliance {unknown}
 i - a potion of curing {unknown}
 k - 2 potions of haste {unknown}
 o - a potion of ambrosia {unknown}
 p - 2 potions of flight {unknown}
Comestibles
 c - 6 rations
 g - 3 chunks of flesh


   Skills:
 + Level 3.7 Fighting
 * Level 2.9 Axes
 + Level 2.8 Armour
 + Level 1.4 Dodging
 + Level 2.6 Invocations


You had 3 spell levels left.
You didn't know any spells.
Your spell library was empty.

Dungeon Overview and Level Annotations

Branches:
Dungeon (3/15)

Altars:
Zin


Innate Abilities, Weirdness & Mutations

You are resistant to torment.
Your stone body is resilient. (AC +3)
You are immune to poison.
You resist negative energy. (rN+)
You are resistant to electric shocks. (rElec)
You can survive without breathing.
You are immune to petrification.
You are immune to rotting.


Message History

The jelly is heavily wounded.
The jelly hits you but does no damage. The jelly barely misses you.
You hit the jelly. The acid corrodes you!
Your hands burn!
The jelly is severely wounded.
The jelly hits you but does no damage.
You hit the jelly but do no damage. The acid corrodes you!
Your hands burn!
The jelly is severely wounded.
The jelly barely misses you.
You hit the jelly but do no damage.
Your hands burn!
The jelly is severely wounded.
The jelly hits you.
You are splashed with acid!
The acid burns!
* * * LOW HITPOINT WARNING * * *
You are too injured to fight recklessly!
You hit the jelly. The acid corrodes you!
Your hands burn!
* * * LOW HITPOINT WARNING * * *
The jelly is severely wounded.
The jelly hits you.
* * * LOW HITPOINT WARNING * * *
You are splashed with acid!
The acid burns!
You die...

#. .# ####.#. #...#
#.#. #.#.# . #.##
#.#.####.. #
#.#..... # #.#... #
#...# # ..# #...# .#
# ... #@#.# ..#..
..##
#J#.####..'..#.. #
#.#.......####..##
..#.............##
#######.########..##
..........# #..(##
#####.....# #...##
#..)...# #...##
#...########.....


You could see a jelly.

Vanquished Creatures
  2 adders
  2 worms
  3 dart slugs (D:2)
  4 leopard geckos
  8 bats
  4 giant cockroaches
  3 goblins
  10 hobgoblins
  A quokka (D:2)
  A ball python (D:2)
  3 frilled lizards
  7 kobolds
  2 rats
50 creatures vanquished.

Notes
Turn   | Place    | Note
-------+----------+-------------------------------------------
     0 | Abyss:1  | Borgoz the Gargoyle Abyssal Knight began the quest for the Orb.
     0 | Abyss:1  | Reached XP level 1. HP: 14/14 MP: 2/2
    63 | Abyss:2  | Noticed a sun demon
    73 | Abyss:2  | Noticed an iron imp
    76 | Abyss:2  | Noticed a wretched star
    76 | D:1      | Escaped the Abyss
   325 | D:1      | Reached * piety under Lugonu
   347 | D:1      | Reached XP level 2. HP: 14/19 MP: 3/3
   407 | D:1      | Reached skill level 1 in Dodging
   965 | D:2      | Reached XP level 3. HP: 20/23 MP: 4/4
  1540 | D:2      | Reached XP level 4. HP: 21/29 MP: 5/5
  1871 | D:3      | Reached ** piety under Lugonu
  1886 | D:3      | Found a glowing silver altar of Zin.
  1886 | D:3      | Noticed an angel
  1974 | D:3      | HP: 1/29 [jelly (1)]
  1974 | D:3      | Splashed by a jelly's acid

Vault maps used:
D:1:      evilmike_arrival_crescent
D:3:      corexii_shack_village, zin_angel
Abyss:2:  evilmike_abyss_exit_15

Skill      XL: |  1  2 |
---------------+-------+-----
Axes           | 2 |  2.9
Dodging        | 1 |  1.4
Fighting       | |  3.7
Armour         | |  2.8
Invocations    | |  2.6

Action                   |  1- 3 |  4- 6 || total
-------------------------+-------+-------++-------
Melee: Hand axe          |   142 |    54 ||   196
Invok: Depart the Abyss  |     1 |       ||     1
  Eat: Chunk             |     2 |     2 ||     4
Armor: Leather armour    |    82 |     5 ||    87
       Scale mail        |       |    13 ||    13
Dodge: Dodged            |   112 |    22 ||   134

Table legend:
 A = Spawn XP
 B = Non-spawn XP
 C = Spawn XP percentage of total XP
 D = Spawn monster count
 E = Non-spawn monster count
 F = Spawn count percentage of total count
 G = Total turns spent on level
                    A         B        C        D         E        F      G
               +---------+---------+-------+---------+---------+-------+---------
         Total |       0 |     126 |   0.0 |       0 |      50 |   0.0 |  1974
               +---------+---------+-------+---------+---------+-------+---------
           D:1 |       0 |      26 |   0.0 |       0 |      16 |   0.0 |   841
           D:2 |       0 |      67 |   0.0 |       0 |      24 |   0.0 |   768
           D:3 |       0 |      33 |   0.0 |       0 |      10 |   0.0 |   289
               +---------+---------+-------+---------+---------+-------+---------
